 Dungeon Crawl Stone Soup version 0.30-a0-883-g5ad918d77d (webtiles) character file.

Game seed: 6268998898101967517

6212 bmack86 the Cleaver (level 10, -3/91 HPs)
             Began as a Minotaur Fighter on Mar 17, 2023.
             Was a Believer of Okawaru.
             Slain by a black bear (5 damage)
             ... on level 9 of the Dungeon.
             The game lasted 00:22:37 (8831 turns).

bmack86 the Cleaver (Minotaur Fighter)              Turns: 8831, Time: 00:22:38

Health: -3/91      AC: 19    Str: 25    XL:     10   Next: 61%
Magic:  0/10       EV:  6    Int:  5    God:    Okawaru [**....]
Gold:   217        SH: 18    Dex: 10    Spells: 9/9 levels left

rFire   . . .      SeeInvis .    B - +0 broad axe
rCold   . . .      Faith    .    A - +0 kite shield
rNeg    . . .      Spirit   +    x - +0 plate armour
rPois   .          Reflect  .    (helmet restricted)
rElec   .          Rampage  .    y - +0 cloak
rCorr   .                        i - +0 pair of gloves
Will    +....                    g - +1 pair of boots Stlth
                                 p - brooch of Shielding {Spirit SH+8}
HPRegen 0.35/turn                k - ring of willpower
MPRegen 0.12/turn                (no ring)

@: hasted, very quick
A: horns 2, retaliatory headbutt
a: Renounce Religion, Heroism


You were on level 9 of the Dungeon.
You worshipped Okawaru.
Okawaru was pleased with you.
You visited 2 branches of the dungeon, and saw 10 of its levels.
You also visited: Sewer.

You collected 377 gold pieces.
You spent 160 gold pieces at shops.

Inventory:

Hand Weapons
 n - a +0 hand axe of flaming
 B - a +0 broad axe (weapon)
Missiles
 a - a curare-tipped dart
 f - 25 poisoned darts (quivered)
 j - 3 throwing nets
Armour
 b - a +0 scale mail
 c - a +0 buckler
 g - a +1 pair of boots (worn)
 i - a +0 pair of gloves (worn)
 x - a +0 plate armour (worn)
 y - a +0 cloak (worn)
 z - a +0 chain mail of fire resistance
 A - a +0 kite shield (worn)
Jewellery
 k - a ring of willpower (left hand)
 p - the brooch of Shielding (around neck) {Spirit SH+8}
   (You found it on level 5 of the Dungeon)

   [amulet of guardian spirit]

   It causes incoming damage to be divided between your reserves of health and
   magic.
   SH:        It affects your SH (+8).
 s - an amulet of faith
Scrolls
 h - 6 scrolls of teleportation
 C - a scroll of enchant weapon {unknown}
Potions
 d - 3 potions of might
 e - a potion of brilliance
 l - 2 potions of curing
 m - 4 potions of attraction
 o - 3 potions of invisibility
 q - 7 potions of haste
 r - a potion of resistance {unknown}
 t - 3 potions of heal wounds {unknown}
 u - 2 potions of cancellation {unknown}
 v - a potion of lignification {unknown}
 w - a potion of flight {unknown}
 D - a potion of ambrosia {unknown}


   Skills:
 + Level 9.0 Fighting
 * Level 11.8 Axes
 + Level 4.4 Throwing
 + Level 8.9 Armour
 + Level 9.0 Shields
 + Level 2.4 Invocations


You had 9 spell levels left.
You didn't know any spells.
Your spell library contained the following spells:

 Spells                   Type           Power      Damage    Failure   Level
 Kiss of Death            Conj/Necr      0%         2d5       100%        1
 Sting                    Tmut/Pois      0%         1d3       100%        1
 Cigotuvi's Dreadful Rot  Necr/Pois/Air  0%         N/A       100%        2
 Poisonous Vapours        Pois/Air       0%         N/A       100%        2
 Confusing Touch          Hex            0%         N/A       100%        3
 Ignite Poison            Fire/Tmut/Pois 0%         N/A       100%        3
 Mephitic Cloud           Conj/Pois/Air  0%         N/A       100%        3
 Dispel Undead            Necr           0%         3d6       100%        4
 Olgreb's Toxic Radiance  Pois           0%         N/A       100%        4
 Sticky Flame             Conj/Fire      0%         2d3       100%        4
 Ignition                 Fire           0%         3d3       100%        8


Dungeon Overview and Level Annotations

Branches:
Dungeon (9/15)             Temple (1/1) D:7           Sewer (visited)
   Lair: D:8-11         Orc: D:9-12

Altars:
Ashenzari
Cheibriados
Dithmenos
Elyvilon
Fedhas
Gozag
Kikubaaqudgha
Makhleb
Nemelex Xobeh
Okawaru
Qazlal
Ru
Sif Muna
Trog
Uskayaw
Vehumet
Wu Jian
Xom
Yredelemnul
Zin
The Shining One

Shops:
D:2 [

Annotations:
D:5 4 runed translucent doors


Innate Abilities, Weirdness & Mutations

You have a pair of horns on your head.
You reflexively headbutt those who attack you in melee.


Message History

You block the scorpion's attack. The water moccasin closely misses you.
The black bear bites you.
* * * LOW HITPOINT WARNING * * *
You block the black bear's attack. x2; The komodo dragon bites you!
* * * LOW HITPOINT WARNING * * *
You block the water moccasin's attack.
You barely miss the scorpion. You headbutt the scorpion.
The scorpion is lightly wounded.
You slash the water moccasin!
You hit the komodo dragon but do no damage.
You slash the water moccasin! You closely miss the black bear.
You block the scorpion's attack. You block the water moccasin's attack.
You block the black bear's attack.
The black bear claws you but does no damage.
The black bear closely misses you. The water moccasin bites you.
* * * LOW HITPOINT WARNING * * *
You hit the scorpion but do no damage. You headbutt the scorpion.
The scorpion is moderately wounded.
You slash the water moccasin!
You kill the water moccasin!
Okawaru accepts your kill.
You closely miss the black bear. You slash the water moccasin!
You kill the water moccasin!
Okawaru accepts your kill.
You hit the komodo dragon.
The komodo dragon bites you but does no damage.
The scorpion barely misses you.
Your Shields skill increases to level 9!
You slash the scorpion!
The scorpion is severely wounded.
You hit the komodo dragon but do no damage.
You barely miss the black bear. You block the black bear's attack.
The black bear claws you but does no damage.
The black bear barely misses you. You block the scorpion's attack.
You block the komodo dragon's attack.
You hit the scorpion but do no damage.
The scorpion is heavily wounded.
You hit the komodo dragon. You barely miss the black bear.
You block the scorpion's attack. The black bear bites you.
You die...

#....# #......#
.#....# #......#
.#....# #......#
.#....#
#.....†####+####
.#....#
#....)..........
.##.###
######..........
.##.#
##............
.##.#
#.............
'##.#
#.#.P†@.....!.
....#
#....lsh......
....#
#....P.S...P.#.
..~.#
#....PP..PP..#
~~.~.#
...P.P..P.P....
~♣♣~...
....P....P.P..#
♣♣♣~..##
.P....PP..P.P..
♣♣~P#
.P....PP...P...
~~#
..P....PPP.PPP.


You could see a komodo dragon, a water moccasin, a black bear and a scorpion.

Vanquished Creatures
  Pikel (D:5)
  Maggie (D:7)
  A komodo dragon (D:8)
  Grinder (D:5)
  4 yaks (D:9)
  An acid dragon (D:5)
  4 water moccasins
  4 orc warriors
  3 black bears
  2 ice beasts
  2 ogres
  3 centaurs
  3 phantoms
  2 kobold brigands
  2 gnoll sergeants
  3 scorpions
  5 bullfrogs
  2 wights
  9 killer bees
  5 howler monkeys
  2 hounds
  2 orc priests
  A gnoll bouda (D:7)
  6 jellies
  3 sleepcaps
  Jessica (D:2)
  4 iguanas
  4 orc wizards
  Robin (D:4)
  16 gnolls
  6 adders
  3 river rats (Sewer)
  3 shadow imps
  A white imp (D:5)
  An ufetubus (D:6)
  3 worms (D:2)
  A dart slug (D:4)
  29 orcs
  10 ball pythons
  8 endoplasms
  3 giant cockroaches
  9 hobgoblins
  2 jackals (D:5)
  16 kobolds
  4 quokkas
  2 bats
  5 frilled lizards
  22 goblins
  20 rats
246 creatures vanquished.

Vanquished Creatures (others)
  24 fungi
  28 plants
  A withered plant (D:3)
53 creatures vanquished.

Grand Total: 299 creatures vanquished

Notes
Turn   | Place    | Note
-------+----------+-------------------------------------------
     0 | D:1      | bmack86 the Minotaur Fighter began the quest for the Orb.
     0 | D:1      | Reached XP level 1. HP: 19/19 MP: 0/0
   498 | D:1      | Reached XP level 2. HP: 22/27 MP: 1/1
   799 | D:2      | Reached skill level 3 in Axes
   826 | D:2      | Found a stormy altar of Qazlal.
   962 | D:2      | Reached XP level 3. HP: 27/33 MP: 2/2
  1039 | D:2      | Found Fatamay's Armour Shoppe.
  1065 | D:2      | Noticed Jessica
  1071 | D:2      | Killed Jessica
  1437 | D:3      | Reached XP level 4. HP: 30/40 MP: 3/3
  1646 | D:3      | Found a faded altar of an unknown god.
  1652 | D:3      | Reached skill level 4 in Axes
  2242 | D:4      | Reached XP level 5. HP: 43/47 MP: 4/4
  2311 | D:4      | Found a glowing drain.
  2315 | Sewer    | Entered a sewer
  2549 | Sewer    | Reached skill level 5 in Axes
  2828 | D:4      | Noticed a black bear
  2832 | D:4      | Noticed Robin
  2841 | D:4      | Killed a black bear
  2842 | D:4      | Reached skill level 5 in Fighting
  2842 | D:4      | Reached XP level 6. HP: 38/56 MP: 5/5
  2847 | D:4      | Killed Robin
  2848 | D:4      | Reached skill level 5 in Armour
  2968 | D:4      | Reached skill level 5 in Shields
  3115 | D:4      | Reached skill level 6 in Axes
  3132 | D:4      | Reached XP level 7. HP: 46/61 MP: 6/6
  3776 | D:2      | Bought a +0 cloak for 45 gold pieces
  3776 | D:2      | Bought a +0 chain mail of fire resistance for 115 gold
                  | pieces
  3892 | D:5      | Entered Level 5 of the Dungeon
  3928 | D:5      | Found a large runed translucent door.
  3928 | D:5      | Noticed a vampire mosquito
  3928 | D:5      | Noticed a shadow
  3929 | D:5      | Found a large runed translucent door.
  3932 | D:5      | Found a large runed translucent door.
  3932 | D:5      | Found a large runed translucent door.
  3994 | D:5      | Reached skill level 7 in Axes
  4000 | D:5      | Identified the +5 mace of Interdependent Arising {heavy,
                  | Dex+3}
  4067 | D:5      | Noticed Pikel
  4084 | D:5      | Killed Pikel
  4085 | D:5      | Reached skill level 8 in Axes
  4085 | D:5      | Reached XP level 8. HP: 33/71 MP: 7/7
  4475 | D:5      | Found an ancient bone altar of Kikubaaqudgha.
  4602 | D:5      | Found a glowing silver altar of Zin.
  4705 | D:5      | Reached skill level 9 in Axes
  4716 | D:5      | Found the brooch of Shielding {Spirit SH+8}
  4734 | D:5      | Reached skill level 1 in Throwing
  4734 | D:5      | Reached XP level 9. HP: 39/79 MP: 8/8
  4918 | D:5      | Noticed Grinder
  4920 | D:5      | Paralysed by Grinder for 4 turns
  4940 | D:5      | Killed Grinder
  5897 | D:6      | Found a white marble altar of Elyvilon.
  5994 | D:6      | Found a hide-covered altar of Uskayaw.
  6013 | D:6      | Reached skill level 10 in Axes
  6603 | D:7      | Noticed Maggie
  6620 | D:7      | Killed Maggie
  7126 | D:7      | Found a staircase to the Ecumenical Temple.
  7135 | Temple   | Entered the Ecumenical Temple
  7230 | Temple   | Became a worshipper of Warmaster Okawaru
  7536 | D:7      | Reached XP level 10. HP: 89/89 MP: 9/9
  7884 | D:8      | Reached skill level 11 in Axes
  7898 | D:8      | Reached skill level 1 in Invocations
  8362 | D:8      | Reached * piety under Okawaru
  8759 | D:9      | Found a stormy altar of Qazlal.
  8767 | D:9      | Reached ** piety under Okawaru
  8827 | D:9      | HP: 2/91 [komodo dragon (11)]
  8831 | D:9      | Slain by a black bear

Illustrated notes

Levels and vault maps discovered:
D:1:      dpeg_arrival_round_c, layout_basic
D:2:      layout_basic, serial_shops, shop, basic_altar, uniq_jessica
D:3:      layout_basic, shapermc_ecumenical_altar_gd
D:4:      layout_gridville, gup_sewer_entry_bowl, minmay_misc_feat_nine_boxes,
          minmay_ogre_servants, uniq_robin
D:5:      layout_gridville, zin_academy, mainiacjoe_overflow_six_doors_small,
          minmay_hollow_rounded_squares, uniq_pikel, uniq_grinder
D:6:      layout_loops_ring, nicolae_overflow_hidden_temple,
          nicolae_overflow_crystal_walls, nicolae_fountain_basement
D:7:      layout_gridville, temple_statues, minmay_statues_item, uniq_maggie
D:8:      layout_rooms
D:9:      layout_basic, nicolae_qazlal_scattered_showers,
          due_lair_maze_entry_diamond, serial_bayou, serial_bayou_pond_c,
          serial_bayou_pond_b, serial_bayou_shore_b, serial_bayou_shore_b,
          grunt_ministairs_6
Temple:   minmay_temple_bridge_d

Skill      XL: |  1  2  3  4  5  6  7  8  9 10 |
---------------+-------------------------------+-----
Axes           | 3 4 5 6 8 9 10 11 | 11.8
Shields        | 4 5 6 7 8 9 |  9.0
Fighting       | 4 5 6 7 8 9 |  9.0
Armour         | 4 5 6 7 8 |  8.9
Throwing       | 1 3 4 |  4.4
Invocations    | 2 |  2.4

Action                     |  1- 3 |  4- 6 |  7- 9 | 10-12 || total
---------------------------+-------+-------+-------+-------++-------
  Melee: War axe           |    71 |    49 |       |       ||   120
         Headbutt          |     8 |    30 |    63 |    18 ||   119
         Hand axe          |       |   115 |   237 |       ||   352
         Broad axe         |       |       |    98 |   128 ||   226
  Throw: Dart              |       |       |       |     2 ||     2
    Use: Scroll            |     3 |     6 |     9 |     1 ||    19
         Potion            |       |       |     1 |     2 ||     3
 Armour: Scale mail        |    37 |    90 |    18 |       ||   145
         Chain mail        |       |       |    67 |       ||    67
         Plate armour      |       |       |    92 |    90 ||   182
  Dodge: Dodged            |    24 |    82 |    94 |    37 ||   237
  Block: Buckler           |     9 |    34 |    75 |       ||   118
         Kite shield       |       |       |   183 |   171 ||   354

Table legend: (Time is in decaauts)
 A = Elapsed time spent in this place.
 B = Non-inter-level travel time spent in this place.
 C = Inter-level travel time spent in this place.
 D = Time resting spent in this place.
 E = Time spent auto-exploring this place.
 F = Levels seen in this place.
 G = Mean time per level.
                   A        B        C        D        E       F      G
               +--------+--------+--------+--------+--------+-----+--------+
         Total |   8967 |   8636 |    331 |    721 |   5561 |  11 |  815.2 |
       Dungeon |   8293 |   7995 |    298 |    721 |   5153 |   9 |  921.4 |
        Temple |    229 |    196 |     33 |      0 |    180 |   1 |  229.0 |
         Sewer |    443 |    443 |      0 |      0 |    228 |   1 |  443.0 |
               +--------+--------+--------+--------+--------+-----+--------+

Top non-repeatable levels by time:
     D:5: 1376 daAuts
     D:7: 1187 daAuts
     D:4: 1154 daAuts
     D:6: 1145 daAuts
     D:3: 884 daAuts
     D:2: 811 daAuts
     D:8: 798 daAuts
     D:1: 703 daAuts
   Sewer: 443 daAuts
     D:9: 231 daAuts
  Temple: 229 daAuts
